 Dungeon Crawl Stone Soup version 0.17-a0-1646-geb1493d (webtiles) character file.

1645 Murumi the Shield-Bearer (level 9, -4/68 HPs)
             Began as a Formicid Fighter on Aug 9, 2015.
             Slain by a yak (9 damage)
             ... on level 5 of the Dungeon.
             The game lasted 00:23:25 (4908 turns).

Murumi the Shield-Bearer (Formicid Fighter)         Turns: 4908, Time: 00:23:25

Health: -4/68      AC: 13    Str: 29    XL:     9   Next: 19%
Magic:  9/9        EV:  8    Int:  8    God:
Gold:   189        SH: 12    Dex: 10    Spells: 0 memorised, 8 levels left

rFire  . . .     SeeInvis +     a - +1 long sword
rCold  . . .     Clarity  .     h - +0 plate armour
rNeg   . . .     SustAt   .     c - +1 shield
rPois  +         Gourm    .     (helmet unavailable)
rElec  .         Spirit   .     (no cloak)
rCorr  .         Warding  .     p - +0 pair of gloves
rMut   .         Stasis   +     (no boots)
MR     .....                    (no amulet)
Stlth  ..........               (no ring)
                                f - ring of poison resistance

@: mighty, not resistant to hostile enchantments, extremely unstealthy
A: permanent stasis, dig shafts and tunnels, four strong arms, antennae 3
a: Dig, Shaft Self


You were on level 5 of the Dungeon.
You were not hungry.

You visited 1 branch of the dungeon, and saw 5 of its levels.

You collected 189 gold pieces.

Inventory:

Hand weapons
 a - a +1 long sword (weapon)
Missiles
 k - 18 bolts
Armour
 c - a +1 shield (worn)
 h - a +0 plate armour (worn)
 p - a +0 pair of gloves (worn)
Jewellery
 f - a ring of poison resistance (left hand)
Scrolls
 b - a scroll of magic mapping
 i - 3 scrolls of remove curse
 j - a scroll of recharging
 n - a scroll of amnesia
Potions
 l - a potion of lignification {unknown}
Comestibles
 e - 4 bread rations
 m - 3 meat rations


   Skills:
 + Level 5.1 Fighting
 - Level 7.1 Long Blades
 - Level 5.1 Armour
 - Level 4.1 Dodging
 - Level 7.1 Shields


You had 8 spell levels left.
You didn't know any spells.

Dungeon Overview and Level Annotations

Branches:
Dungeon (5/15)
 Temple: D:4-7

Altars:
Elyvilon
Qazlal
Sif Muna
Vehumet
Zin

Shops:
D:5 *


Innate Abilities, Weirdness & Mutations

You are under a permanent stasis effect.
You can dig through walls and to a lower floor.
Your four strong arms can wield two-handed weapons with a shield.
You have a pair of large antennae on your head (SInv).


Message History

* * * LOW HITPOINT WARNING * * *
You hit the yak.
The yak is almost dead.
You block the yak's attack.
You slash the yak!
You kill the yak!
Your Armour skill increases to level 5!
You hit the yak.
The yak is lightly wounded.
You block the yak's attack.
You barely miss the yak.
The yak is lightly wounded.
You block the yak's attack. x2
You slash the yak!
The yak is moderately wounded.
You block the yak's attack.
You closely miss the yak.
The yak is moderately wounded.
The yak gores you!
You die...

..#.####.##.#.# .#
.............####.#
#.#..............#
#.....###.########
#..##.###.# #<# #..
#...#.# #.#
#..####.#.# #.#
#..#....#.# #.#
#..#@####.# #.#
##..Y+####.## #.#
#............ ..#
#....∩....##.## ###
#............
#.#.....Y#####
#...#_#..+
#..##⌠##Y# #.# #..
## .# #.#


You could see a yak.

Vanquished Creatures
  5 yaks (D:5)
  Menkaure (D:4)
  Edmund (D:3)
  A phantom (D:4)
  Blork the orc (D:4)
  A crimson imp (D:4)
  5 hounds (D:4)
  3 orc wizards
  2 worker ants (D:4)
  3 adders
  2 oozes
  2 worms
  8 giant geckos
  17 orcs
  2 ball pythons
  7 goblins
  9 hobgoblins
  13 jackals
  3 quokkas
  A ball python skeleton (D:4)
  9 bats
  3 giant cockroaches
  4 giant newts
  9 kobolds
  11 rats
123 creatures vanquished.

Vanquished Creatures (others)
  An orc wizard (D:4)
1 creature vanquished.

Grand Total: 124 creatures vanquished

Notes
Turn   | Place    | Note
--------------------------------------------------------------
     0 | D:1      | Murumi the Formicid Fighter began the quest for the Orb.
     0 | D:1      | Reached XP level 1. HP: 18/18 MP: 1/1
   114 | D:1      | Reached skill level 4 in Shields
   159 | D:1      | Reached XP level 2. HP: 20/24 MP: 2/2
   162 | D:1      | Reached skill level 1 in Dodging
   414 | D:1      | Reached XP level 3. HP: 29/29 MP: 3/3
   738 | D:2      | Found a faded altar to an unknown god.
  1009 | D:2      | Reached XP level 4. HP: 37/37 MP: 4/4
  1606 | D:3      | Found a stormy altar of Qazlal.
  1671 | D:3      | Found a deep blue altar of Sif Muna.
  1988 | D:3      | Reached XP level 5. HP: 39/42 MP: 5/5
  2256 | D:4      | Noticed Edmund
  2661 | D:3      | Found a stormy altar of Qazlal.
  2823 | D:3      | Killed Edmund
  2823 | D:3      | Reached XP level 6. HP: 42/48 MP: 6/6
  2871 | D:4      | Noticed a phantom
  2922 | D:4      | Killed a phantom
  2922 | D:4      | Reached skill level 5 in Shields
  3100 | D:4      | Reached XP level 7. HP: 54/54 MP: 7/7
  3121 | D:4      | Reached skill level 6 in Shields
  3304 | D:4      | Noticed Menkaure
  3315 | D:4      | Killed Menkaure
  3743 | D:4      | Found a radiant altar of Vehumet.
  3803 | D:4      | Noticed Blork the orc
  3819 | D:4      | Killed Blork the orc
  3819 | D:4      | Reached XP level 8. HP: 45/60 MP: 8/8
  3877 | D:4      | Reached skill level 7 in Shields
  4468 | D:5      | Entered Level 5 of the Dungeon
  4730 | D:5      | Found a white marble altar of Elyvilon.
  4841 | D:5      | Found Zin's Purification Station.
  4842 | D:5      | Found a glowing silver altar of Zin.
  4863 | D:5      | Reached skill level 5 in Long Blades
  4899 | D:5      | Reached skill level 5 in Fighting
  4899 | D:5      | Reached XP level 9. HP: 7/68 MP: 9/9
  4902 | D:5      | HP: 3/68 [yak (5)]
  4904 | D:5      | Reached skill level 5 in Armour
  4908 | D:5      | Slain by a yak

Vault maps used:
D:1:      dpeg_arrival_boxes_within_box
D:2:      ecumenical_altar_2
D:3:      lemuel_coloured_pillars_altar, old_standard_altar, first_bread,
          hangedman_decor_lopped, wad_floor_pattern_untrapped
D:4:      vehumet_altar_wand_db, uniq_menkaure, uniq_edmund, uniq_blork_the_orc
D:5:      nicolae_overflow_hidden_temple, zin_purify, serial_shops,
          nicolae_shop_crystal

Action                   |  1- 3 |  4- 6 |  7- 9 || total
-------------------------+-------+-------+-------++-------
Melee: Long sword        |    99 |   215 |   238 ||   552
 Abil: Dig               |       |     2 |     2 ||     4
  Use: Scroll            |     6 |     7 |     2 ||    15
       Potion            |       |     1 |     2 ||     3
  Eat: Chunk             |       |     5 |     6 ||    11
       Beef jerky        |       |     2 |       ||     2
